 Dungeon Crawl Stone Soup version 0.30.0-5-g1a98f26d00 (webtiles) character file.

Game seed: 4640777991238547937

98992 Persephone the Phalangite (level 15, -6/120 HPs)
             Began as a Minotaur Fighter on May 7, 2023.
             Was the Champion of Hepliaklqana.
             Mangled by an eleionoma (13 damage)
             ... while paralysed by a fenstrider witch
             ... on level 3 of the Swamp on May 9, 2023.
             The game lasted 00:59:40 (24642 turns).

Persephone the Phalangite (Minotaur Fighter)       Turns: 24642, Time: 00:59:41

Health: -6/120     AC: 28    Str: 28    XL:     15   Next: 76%
Magic:  21/21      EV:  2    Int: 10    God:    Hepliaklqana [******]
Gold:   1724       SH:  0    Dex: 11    Spells: 14/14 levels left

rFire   + . .        c - +2 bardiche (protect)
rCold   . . .        (shield currently unavailable)
rNeg    . . .        C - +5 ring mail of Tujuwye {Rampage rElec rF+ Str-2}
rPois   +            F - +2 hat
rElec   +            u - +1 cloak of Methuiwn {Int+5}
rCorr   .            E - +2 pair of gloves {Str+3}
SInv    .            W - +2 pair of boots {rampage}
Will    +....        y - amulet of regeneration Stlth
                     k - +4 ring of protection
HPRegen 1.20/turn    X - ring of poison resistance
MPRegen 0.17/turn

%: rampage
@: paralysed, very slow
A: reduced essence, horns 2, retaliatory headbutt
a: Renounce Religion, Recall Ancestor, Ancestor Identity, Transference, Idealise


You were on level 3 of the Swamp.
You worshipped Hepliaklqana.
Hepliaklqana was exalted by your worship.
You visited 5 branches of the dungeon, and saw 25 of its levels.
You also visited: Gauntlet.

You collected 2643 gold pieces.
You spent 919 gold pieces at shops.

Inventory:

Hand Weapons
 c - a +2 bardiche of protection (weapon)
 s - a +2 spear of flaming
 R - a +0 bardiche of chaos
Armour
 g - a +0 pair of boots
 u - the +1 cloak of Methuiwn (worn) {Int+5}
   (You found it on level 5 of the Dungeon)

   Int:       It affects your intelligence (+5).
 C - the +5 ring mail of Tujuwye (worn) {Rampage rElec rF+ Str-2}
   (You found it on level 3 of the Lair of Beasts)

   Str:       It affects your strength (-2).
   rF:        It protects you from fire.
   rElec:     It insulates you from electricity.
   Rampage:   It bestows one free step when moving towards enemies.
 E - a +2 pair of gloves of strength (worn)
 F - a +2 hat (worn)
 M - a +2 scale mail of willpower
 P - a +0 buckler
 W - a +2 pair of boots of rampaging (worn)
Jewellery
 h - a ring of see invisible
 k - a +4 ring of protection (left hand)
 t - an amulet of the acrobat
 y - an amulet of regeneration (around neck)
 K - a ring of flight
 L - a +4 ring of protection
 V - a ring of positive energy
 X - a ring of poison resistance (right hand)
Wands
 o - a wand of paralysis (23)
 v - a wand of flame (27)
 z - a wand of acid (6)
 A - a wand of mindburst (12)
 B - a wand of roots (19)
Scrolls
 b - 18 scrolls of identify
 d - 4 scrolls of vulnerability
 l - 8 scrolls of enchant armour
 m - 5 scrolls of amnesia
 n - 5 scrolls of blinking
 p - 6 scrolls of teleportation
 q - 3 scrolls of fog
 G - 2 scrolls of fear
 H - 4 scrolls of magic mapping
 J - 7 scrolls of enchant weapon
 N - a scroll of silence
 Q - a scroll of brand weapon
 T - 2 scrolls of summoning
Potions
 a - 5 potions of heal wounds
 e - 4 potions of attraction
 f - 4 potions of lignification
 i - 8 potions of flight
 j - a potion of resistance
 r - 5 potions of brilliance
 w - 2 potions of invisibility
 x - a potion of magic
 D - 5 potions of degeneration
 I - 6 potions of cancellation
 O - 2 potions of mutation
 S - a potion of might
 U - a potion of curing


   Skills:
 + Level 12.5 Fighting
 - Level 24.0 Polearms
 + Level 12.5 Armour
 + Level 10.9 Dodging
 - Level 3.6 Shields
 + Level 10.1 Invocations


You had 14 spell levels left.
You didn't know any spells.
Your spell library contained the following spells:

 Spells                   Type           Power      Damage    Failure   Level
 Apportation              Tloc           0%         N/A       45%         1
 Beastly Appendage        Tmut           0%         N/A       45%         1
 Freeze                   Ice            0%         1d3       45%         1
 Necrotise                Necr           0%         1d4       45%         1
 Sandblast                Erth           0%         2d4       45%         1
 Shock                    Conj/Air       0%         1d3       45%         1
 Sting                    Tmut/Pois      0%         1d3       45%         1
 Summon Small Mammal      Summ           0%         N/A       45%         1
 Blink                    Tloc           0%         N/A       58%         2
 Cigotuvi's Dreadful Rot  Necr/Pois/Air  0%         N/A       58%         2
 Ensorcelled Hibernation  Hex/Ice        0%         N/A       58%         2
 Lesser Beckoning         Tloc           0%         N/A       58%         2
 Momentum Strike          Conj/Tloc      0%         3d8       58%         2
 Passwall                 Tmut/Erth      0%         N/A       58%         2
 Poisonous Vapours        Pois/Air       0%         N/A       58%         2
 Wereblood                Tmut           0%         N/A       58%         2
 Call Canine Familiar     Summ           0%         N/A       83%         3
 Frozen Ramparts          Ice            0%         1d1       83%         3
 Gell's Gravitas          Tloc           0%         N/A       83%         3
 Hailstorm                Conj/Ice       0%         3d3       83%         3
 Ignite Poison            Fire/Tmut/Pois 0%         N/A       83%         3
 Mephitic Cloud           Conj/Pois/Air  0%         N/A       83%         3
 Portal Projectile        Hex/Tloc       0%         N/A       83%         3
 Spider Form              Tmut/Pois      0%         N/A       83%         3
 Stone Arrow              Conj/Erth      0%         3d7       83%         3
 Summon Guardian Golem    Hex/Summ       0%         N/A       83%         3
 Swiftness                Air            0%         N/A       83%         3
 Teleport Other           Tloc           0%         N/A       83%         3
 Tukima's Dance           Hex            0%         N/A       83%         3
 Airstrike                Air            0%         2d(0-16)  99%         4
 Anguish                  Hex/Necr       0%         N/A       99%         4
 Cause Fear               Hex            0%         N/A       99%         4
 Leda's Liquefaction      Hex/Erth       0%         N/A       99%         4
 Olgreb's Toxic Radiance  Pois           0%         N/A       99%         4
 Sticky Flame             Conj/Fire      0%         2d3       99%         4
 Alistair's Intoxication  Tmut/Pois      0%         N/A       100%        5
 Blade Hands              Tmut           0%         N/A       100%        5
 Borgnjor's Vile Clutch   Necr/Erth      0%         N/A       100%        5
 Freezing Cloud           Conj/Ice/Air   0%         6-21      100%        5
 Lee's Rapid Deconstruct  Erth           0%         3d4*      100%        5
 Eringya's Noxious Bog    Tmut/Pois      0%         N/A       100%        6
 Statue Form              Tmut/Erth      0%         N/A       100%        6
 Enfeeble                 Hex            0%         N/A       100%        7
 Orb of Destruction       Conj           0%         9d5       100%        7
 Spellforged Servitor     Conj/Summ      0%         N/A       100%        7
 Ignition                 Fire           0%         3d3       100%        8


Dungeon Overview and Level Annotations

Branches:
Dungeon (13/15) Temple (1/1) D:7 Lair (5/5) D:8 Swamp (3/4) Lair:3 Snake (0/4) Lair:2 Orc (2/2) D:11 Elf (0/3) Orc:2 Vaults (0/5) D:12 D:13 Gauntlet (visited) Slime: Lair:4-5

Altars:
Ashenzari
Dithmenos
Fedhas
Gozag
Hepliaklqana
Kikubaaqudgha
Makhleb
Nemelex Xobeh
Okawaru
Qazlal
Sif Muna
Vehumet
Wu Jian
Yredelemnul
Zin
Jiyva

Shops:
D:1 [   D:4 ?   Orc:2 *[=(

Annotations:
D:13 2 runed translucent doors, Dirphi Vium's ghost, journeyman MiBe
Lair:5 exclusion: 2 oklob plants
Swamp:4 Nikola


Innate Abilities, Weirdness & Mutations

Your life essence is reduced to manifest your ancestor. (-10% HP)
You have a pair of horns on your head.
You reflexively headbutt those who attack you in melee.


Message History

A tree reaches out but misses you.
The fenstrider witch hits you but does no damage.
The fenstrider witch kicks you but does no damage.
The fenstrider witch casts a spell at you.
Your body is wracked with pain!
The spriggan druid hits you with a +1 spectral quarterstaff.
The +1 spectral quarterstaff barely misses you.
A +1 spectral quarterstaff comes into view.
Blink to where?
Press: ? - help, Dir - move target
As you read the scroll of blinking, it crumbles to dust.
You feel sick.
You enter the shallow water.
Moving in this stuff is going to be slow.
You feel sick.
The +1 spectral quarterstaff disappears.
You feel sick.
You feel sick.
The trees move their gnarly branches around.
The spriggan druid calls out to the beasts of the wild!
The fenstrider witch gestures at you while chanting.
You suddenly lose the ability to move!
You feel sick.
You are no longer poisoned.
The bunyip gives a hideous shriek!
The eleionoma flows through the trees.
The fenstrider witch casts a spell at you.
Your body is wracked with pain!
* * * LOW HITPOINT WARNING * * *
The eleionoma hurls a spray of splinters at you.
The spray of wooden splinters hits you but does no damage.
You feel roots moving beneath the ground.
The fenstrider witch casts a spell at you.
Your body is wracked with pain!
* * * LOW HITPOINT WARNING * * *
The fenstrider witch points at you and mumbles some strange words.
Your body is wracked with pain!
* * * LOW HITPOINT WARNING * * *
The eleionoma hits you!
You die...

♣♣♣♣♣ ♣♣♣♣♣♣♣♣♣
♣~..♣♣♣♣♣♣♣♣♣♣♣♣♣♣♣ .§§.~..~♣♣♣
♣♣~~~.....~~..~.~.♣♣ ~~~~.....~♣♣
♣~~~~..(....~R..~.~~
~~~♣.....~~♣♣♣~....~~.~♣♣♣.....~~
~~.[♣.♣......♣♣...♣.(..♣..>~x..~.
~..♣♣♣♣.~~§<..♣R~~.x~~~..~~~~....
...♣♣♣♣.~..[..~.@Hi.§~~..~~~~~.♣.
.~...♣..♣♣~§..~.~~~.....♣♣~~~..♣♣
~~~~.......♣♣♣~~~~~~~~.~~~♣♣♣~..♣
~~§~~~.~~~.♣~..~~~~~~~~.~.♣♣♣♣.##
~~§~~~~~§~.~..~~~~..~~~.~~~♣♣♣.#.
~~.~~~~~~~.♣♣.....♣♣♣~.....♣♣....
~~~...~~~~.♣♣~~..§~.~~.....♣♣....
~~~.♣♣.~.♣♣♣♣~~~.~~§..~~~~.~♣..#.
.§.~♣♣♣♣♣♣ ♣♣~~~.~~~♣♣~~~~~~...#.


You could see a bunyip, an eleionoma, a fenstrider witch and a spriggan druid.

Vanquished Creatures
  Mlioglotl (Swamp:2)
  Gastronok (Lair:2)
  The ghost of swinepaste the Fencer, a journeyman DsMo of Wu Jian (Swamp:2)
  An orc warlord (Orc:2)
  Nessos (Orc:2)
  3 bunyips
  A minotaur (Gauntlet)
  3 hydras
  A centaur warrior (D:13)
  A death knight (D:13)
  A catoblepas (Lair:5)
  2 ghost crabs
  11 alligators
  2 boulder beetles
  5 death yaks (Lair:5)
  6 two-headed ogres
  A tengu warrior (Gauntlet)
  Urug (D:13)
  4 orc high priests (Orc:2)
  2 skysharks (Lair:5)
  A fire crab (Lair:5)
  A skeletal warrior (D:13)
  A goliath frog (Swamp:1)
  3 bog bodies
  A spectral hydra (Lair:3)
  2 swamp dragons
  3 orc knights (Orc:2)
  5 ugly things
  3 orc sorcerers (Orc:2)
  A will-o-the-wisp (Swamp:2)
  3 manticores
  2 cyclopes (D:11)
  A cyclops (shapeshifter) (D:13)
  3 elephants (Lair:3)
  2 black mambas
  An ice statue (Gauntlet)
  A gargoyle (D:12)
  8 cane toads
  6 komodo dragons
  6 rime drakes
  4 freezing wraiths
  A tengu conjurer (Gauntlet)
  3 bloated husks
  8 trolls
  8 tyrant leeches
  2 hornets
  Prince Ribbit (D:5)
  7 blink frogs
  A spectral black mamba (Lair:3)
  11 slime creatures
  Sigmund (D:2)
  5 wraiths
  A basilisk (Lair:5)
  47 yaks
  4 wyverns
  3 hogs (D:8)
  16 humans
  A steam dragon (D:6)
  19 vampire mosquitoes
  A spectral cane toad (Lair:3)
  2 nagas (Lair:2)
  12 swamp worms
  17 water moccasins
  3 acid dragons
  A sky beast (D:6)
  A swamp drake (Swamp:1)
  23 orc warriors
  8 ogres
  2 black bears
  11 wolves
  6 centaurs
  A phantom (D:6)
  4 kobold brigands
  9 bullfrogs
  3 scorpions (D:5)
  6 wights
  4 killer bees (D:10)
  13 howler monkeys
  3 hounds (D:6)
  4 jellies
  29 orc priests
  Crazy Yiuf (D:3)
  3 gnoll boudas
  2 iguanas
  Ijyb (D:3)
  29 orc wizards
  Terence (D:2)
  12 gnolls
  10 adders
  A shadow imp (D:5)
  A white imp (D:7)
  3 ufetubi
  A worm (D:3)
  A dart slug (D:2)
  74 orcs
  6 endoplasms
  3 giant cockroaches (D:3)
  13 goblins
  3 hobgoblins
  18 kobolds
  5 quokkas
  6 ball pythons
  8 bats
  4 frilled lizards
  5 rats
  A spectral orc (D:7)
621 creatures vanquished.

Vanquished Creatures (collateral kills)
  A fenstrider witch (Swamp:2)
  A bunyip (Swamp:3)
  A hydra (Lair:5)
  A ghost crab (Swamp:1)
  2 catoblepae (Lair:5)
  Erica (D:10)
  An alligator (Swamp:1)
  A boulder beetle (D:11)
  An orc high priest (Orc:2)
  A goliath frog (Swamp:2)
  A spriggan druid (Swamp:2)
  A phantasmal warrior (D:13)
  A will-o-the-wisp (Swamp:1)
  An ugly thing (Swamp:2)
  An elephant (Lair:3)
  2 unseen horrors
  A kobold demonologist (D:11)
  A rime drake (Lair:4)
  3 trolls
  A tyrant leech (Swamp:2)
  3 blink frogs
  A slime creature (D:13)
  4 yaks
  A human (D:12)
  Grum (D:8)
  A vampire mosquito (D:11)
  A warg (Orc:2)
  A naga (Lair:2)
  A swamp worm (Swamp:3)
  8 orc warriors (Orc:2)
  A wolf (Lair:3)
  A killer bee (D:10)
  4 howler monkeys
  An orc priest (Orc:2)
  5 orc wizards
  A gnoll (D:8)
  13 orcs
72 creatures vanquished.

Vanquished Creatures (others)
  A bunyip (Swamp:1)
  4 bloated husks
  A spriggan (Swamp:3)
  21 hexers
  8 foxfires (Swamp:1)
35 creatures vanquished.

Grand Total: 728 creatures vanquished

Notes
Turn   | Place    | Note
-------+----------+-------------------------------------------
     0 | D:1      | Persephone the Minotaur Fighter began the quest for the
                  | Orb.
     0 | D:1      | Reached XP level 1. HP: 19/19 MP: 0/0
   157 | D:1      | Reached skill level 3 in Polearms
   225 | D:1      | Reached XP level 2. HP: 26/26 MP: 1/1
   398 | D:1      | Found Togi's Armour Boutique.
   540 | D:1      | Reached skill level 4 in Polearms
   690 | D:2      | Found a shadowy altar of Dithmenos.
   701 | D:2      | Noticed Terence
   714 | D:2      | Killed Terence
   715 | D:2      | Reached XP level 3. HP: 7/31 MP: 2/2
   856 | D:2      | Reached skill level 5 in Polearms
   966 | D:2      | Noticed Sigmund
   977 | D:2      | Killed Sigmund
   978 | D:2      | Reached skill level 7 in Polearms
   978 | D:2      | Reached XP level 4. HP: 14/39 MP: 3/3
   978 | D:2      | Reached XP level 5. HP: 16/45 MP: 4/4
  1184 | D:2      | Identified the +4 ring mail of the Ego {rN+}
  1241 | D:2      | Found a faded altar of an unknown god.
  1275 | D:2      | Identified the +4 long sword "Gasok" {protect, rF+ Dex+4}
  1606 | D:3      | Reached XP level 6. HP: 50/51 MP: 5/5
  1615 | D:3      | Reached skill level 8 in Polearms
  1742 | D:3      | Noticed Ijyb
  1743 | D:3      | Paralysed by Ijyb for 4 turns
  1751 | D:3      | Killed Ijyb
  2228 | D:3      | Found a runed translucent door.
  2229 | D:3      | Noticed Crazy Yiuf
  2430 | D:3      | Killed Crazy Yiuf
  2653 | D:4      | Reached skill level 9 in Polearms
  2776 | D:4      | Reached XP level 7. HP: 57/57 MP: 6/6
  2807 | D:4      | Found Tymydemm's Magic Scroll Emporium.
  2943 | D:5      | Entered Level 5 of the Dungeon
  3062 | D:5      | Reached skill level 10 in Polearms
  3134 | D:5      | Noticed Prince Ribbit
  3155 | D:5      | Killed Prince Ribbit
  3156 | D:5      | Reached skill level 11 in Polearms
  3190 | D:5      | Reached XP level 8. HP: 52/64 MP: 7/7
  3271 | D:5      | Reached skill level 12 in Polearms
  3426 | D:5      | Identified the +1 cloak of Methuiwn {Int+5}
  3993 | D:6      | Reached skill level 13 in Polearms
  4391 | D:6      | Reached skill level 14 in Polearms
  4391 | D:6      | Reached XP level 9. HP: 70/70 MP: 8/8
  4867 | D:7      | Reached skill level 15 in Polearms
  5158 | D:7      | Found a staircase to the Ecumenical Temple.
  5170 | Temple   | Entered the Ecumenical Temple
  5201 | Temple   | Became a worshipper of Hepliaklqana the Forgotten
  5708 | D:7      | Reached skill level 16 in Polearms
  5882 | D:7      | Found a basalt altar of Yredelemnul.
  6240 | D:8      | Identified a scroll of acquirement
  6240 | D:8      | Acquired a +2 bardiche of protection
  6354 | D:8      | Reached * piety under Hepliaklqana
  6356 | D:8      | Noticed a two-headed ogre
  6362 | D:8      | Killed a two-headed ogre
  6363 | D:8      | Reached XP level 10. HP: 69/69 MP: 9/9
  6413 | D:8      | Noticed Grum
  6417 | D:8      | Reached skill level 17 in Polearms
  6422 | D:8      | Killed Grum
  6523 | D:8      | Found a staircase to the Lair.
  7210 | D:9      | Reached skill level 18 in Polearms
  7411 | D:9      | Reached ** piety under Hepliaklqana
  7469 | D:9      | Remembered your ancestor Shedsu-nefertum as a hexer
  7887 | D:10     | Entered Level 10 of the Dungeon
  7904 | D:10     | Reached skill level 19 in Polearms
  7920 | D:10     | Noticed a two-headed ogre
  7926 | D:10     | Killed a two-headed ogre
  7965 | D:10     | Noticed a two-headed ogre
  7970 | D:10     | Killed a two-headed ogre
  7971 | D:10     | Reached XP level 11. HP: 73/73 MP: 10/10
  8343 | D:10     | Reached skill level 20 in Polearms
  8743 | D:10     | Noticed Erica
  8756 | D:10     | Killed Erica
  9100 | D:11     | Noticed a boulder beetle
  9111 | D:11     | Killed a boulder beetle
  9118 | D:11     | Reached skill level 21 in Polearms
  9223 | D:11     | Noticed a two-headed ogre
  9231 | D:11     | Killed a two-headed ogre
  9284 | D:11     | Reached *** piety under Hepliaklqana
  9499 | D:11     | Found a staircase to the Orcish Mines.
  9917 | D:11     | Upgraded the game from 0.30.0-3-ga4e48a9924 to
                  | 0.30.0-5-g1a98f26d00
 10017 | Lair:1   | Entered Level 1 of the Lair of Beasts
 10017 | Lair:1   | Found a gate leading to a gauntlet.
 10025 | Gauntlet | Entered a Gauntlet
 10025 | Gauntlet | Found a transporter.
 10025 | Gauntlet | Found a transporter.
 10025 | Gauntlet | Found a transporter.
 10026 | Gauntlet | Found a transporter.
 10030 | Gauntlet | Found a transporter.
 10032 | Gauntlet | Noticed a tengu warrior
 10034 | Gauntlet | Found a runed translucent door.
 10036 | Gauntlet | Found a runed translucent door.
 10037 | Gauntlet | Found a transporter.
 10038 | Gauntlet | Found a transporter.
 10039 | Gauntlet | Found a transporter.
 10041 | Gauntlet | Found a transporter.
 10050 | Gauntlet | Found a transporter.
 10050 | Gauntlet | Found a transporter.
 10084 | Gauntlet | Found a transporter.
 10243 | Gauntlet | Reached skill level 22 in Polearms
 10449 | Gauntlet | Killed a tengu warrior
 10455 | Gauntlet | Reached XP level 12. HP: 61/81 MP: 9/11
 10565 | Gauntlet | Identified the +4 quarterstaff of the Brain {flame, rElec
                  | rC+}
 10565 | Gauntlet | Noticed a minotaur
 10571 | Gauntlet | Killed a minotaur
 10578 | Gauntlet | Got the Catalogue of Putridity
 10952 | Lair:1   | Reached **** piety under Hepliaklqana
 11481 | Lair:1   | Reached skill level 23 in Polearms
 12115 | Lair:2   | Noticed Gastronok
 12126 | Lair:2   | Killed Gastronok
 12601 | Lair:2   | Reached skill level 24 in Polearms
 12712 | Lair:2   | Reached skill level 1 in Dodging
 12712 | Lair:2   | Reached skill level 1 in Invocations
 13124 | Lair:2   | Found a staircase to the Snake Pit.
 13377 | Lair:3   | Reached ***** piety under Hepliaklqana
 13391 | Lair:3   | Reached skill level 5 in Fighting
 13391 | Lair:3   | Reached skill level 5 in Armour
 13527 | Lair:3   | Reached XP level 13. HP: 86/90 MP: 14/14
 13820 | Lair:3   | Identified the +5 ring mail of Tujuwye {Rampage rElec rF+
                  | Str-2}
 14115 | Lair:3   | Found a staircase to the Swamp.
 14943 | Lair:4   | Reached skill level 5 in Dodging
 15271 | Lair:5   | Entered Level 5 of the Lair of Beasts
 15576 | Lair:5   | Reached skill level 5 in Invocations
 15911 | Lair:5   | Identified the +0 scale mail "Qumen" {rN+ Str+2}
 15970 | Lair:5   | Found a viscous altar of Jiyva.
 16635 | Lair:5   | Reached XP level 14. HP: 104/104 MP: 17/17
 17149 | D:1      | Bought a +2 pair of boots of rampaging for 301 gold pieces
 17412 | Orc:1    | Entered Level 1 of the Orcish Mines
 17621 | Orc:2    | Entered Level 2 of the Orcish Mines
 17729 | Orc:1    | Reached ****** piety under Hepliaklqana
 18044 | Orc:2    | Found a staircase to the Elven Halls.
 18458 | Orc:2    | Noticed an orc warlord
 18471 | Orc:2    | Killed an orc warlord
 18568 | Orc:2    | Noticed Nessos
 18584 | Orc:2    | Killed Nessos
 18774 | Orc:2    | HP: 5/106 [orc priest/divine providence (13)]
 19318 | Orc:2    | Found Erocifur's Antique Armour Emporium.
 19319 | Orc:2    | Found Coydo's Antique Weapon Shoppe.
 19321 | Orc:2    | Found Nastroch's General Store.
 19321 | Orc:2    | Found Nulaelaaw's Jewellery Emporium.
 19777 | Orc:2    | Bought a scroll of enchant weapon for 90 gold pieces
 19777 | Orc:2    | Bought a potion of heal wounds for 60 gold pieces
 19777 | Orc:2    | Bought a scroll of fog for 48 gold pieces
 20008 | D:12     | Reached skill level 10 in Armour
 20034 | D:12     | Reached skill level 10 in Fighting
 20235 | Orc:2    | Bought an amulet of regeneration for 420 gold pieces
 20944 | D:12     | Found a hazy altar of Hepliaklqana.
 21026 | D:13     | Noticed Urug
 21026 | D:13     | Found a gate to the Vaults.
 21213 | D:13     | Killed Urug
 21566 | D:13     | Found a runed translucent door.
 21566 | D:13     | Noticed a shadow dragon
 21567 | D:13     | Noticed a tengu reaver
 21567 | D:13     | Noticed a lich
 21570 | D:13     | Noticed Dirphi Vium's ghost (journeyman MiBe)
 21575 | D:13     | Found a runed translucent door.
 21606 | D:13     | Identified the +6 trident "Ruvyoqeh" {heavy, rElec rC- MP-9
                  | Str+8 Int+7}
 21851 | D:13     | Identified the +8 dagger of Grontol {drain, Str+4 Int+3
                  | SInv Stlth+}
 22218 | Swamp:1  | Entered Level 1 of the Swamp
 22235 | Swamp:1  | Reached XP level 15. HP: 87/116 MP: 20/20
 23055 | Swamp:2  | Noticed a fenstrider witch
 23057 | Swamp:2  | Killed a fenstrider witch
 23058 | Swamp:2  | Reached skill level 10 in Dodging
 23486 | Swamp:2  | Noticed Mlioglotl
 23501 | Swamp:2  | Killed Mlioglotl
 23933 | Swamp:2  | Found a runed translucent door.
 23934 | Swamp:2  | Noticed swinepaste's ghost (journeyman DsMo)
 23999 | Swamp:2  | Killed swinepaste's ghost
 24248 | Swamp:3  | Reached skill level 10 in Invocations
 24624 | Swamp:4  | Entered Level 4 of the Swamp
 24624 | Swamp:4  | Noticed Nikola
 24624 | Swamp:4  | Noticed a fenstrider witch
 24628 | Swamp:4  | Paralysed by a fenstrider witch for 3 turns
 24631 | Swamp:4  | Noticed a thorn hunter
 24638 | Swamp:3  | Paralysed by a fenstrider witch for 5 turns
 24642 | Swamp:3  | Mangled by an eleionoma

Illustrated notes

Levels and vault maps discovered:
D:1:      onia_arrival_mini_maze, layout_loops_ring, serial_shops,
          nicolae_shop_crystal
D:2:      layout_basic, basic_ecumenical_altar, basic_altar, uniq_terence,
          uniq_sigmund
D:3:      layout_loops_ring, minmay_starry_boxes, uniq_crazy_yiuf_cottage,
          uniq_ijyb
D:4:      layout_cave_pools, serial_shops, kennysheep_little_box,
          kennysheep_generic_room_8
D:5:      layout_loops_corners, uniq_prince_ribbit1
D:6:      layout_cave_pods, due_unseen_surprise
D:7:      layout_loops_ring, yredelemnul_forgotten_temple_becter,
          temple_fountains, chequers_serial_rivers_micro_e,
          minmay_quadrilaterals
D:8:      layout_gridville, lair_entry_dummy, grunt_livestock,
          kennysheep_path_1, uniq_grum
D:9:      layout_loops_ring
D:10:     layout_grid_maze, uniq_erica
D:11:     layout_gridville, orc_0_dummy, minmay_diced_spiral
D:12:     layout_long_grid, nzn_hepliaklqana_mist_gate
D:13:     layout_long_grid, david_vaults_3, muffindrake_ghost_dual_entry
Temple:   regret_index_temple_sigil_plot
Lair:1:   layout_cave_pods, gauntlet_entry_generic
Lair:2:   layout_gridlike, minmay_snake_entry_guardpost_small, uniq_gastronok
Lair:3:   layout_cave_pods, nicolae_swamp_entry_spooky,
          chequers_serial_rivers_micro_a, nicolae_lair_grazing_beasts
          [nicolae_sub_lair_graze_edge, nicolae_sub_lair_graze_edge,
          nicolae_sub_lair_graze_edge, nicolae_sub_lair_graze_edge]
Lair:4:   layout_regular_city
Lair:5:   evilmike_catoblepas_cave, layout_regular_city,
          minmay_slime_entry_oklob_enclosed, grunt_megastairs_3
Swamp:1:  layout_basic_swamp, nicolae_swamp_dense_foliage
Swamp:2:  layout_basic_swamp, ebering_ghost_reflecting_pool,
          portal_ice_cave_entry_horrid_things, nicolae_swamp_very_dense_foliage,
          uniq_mlioglotl
Swamp:3:  layout_basic_swamp, evilmike_swamp_ruin_house_2
Swamp:4:  swamp_alternative, layout_basic_swamp, swamp_pool3, uniq_nikola
Orc:1:    layout_caves
Orc:2:    st_orc_congregation, layout_diamond_mine, uniq_nessos

Skill      XL: |  1  2  3  4  5  6  7  8  9 10 11 12 13 14 15 |
---------------+----------------------------------------------+-----
Polearms       | 3 4 7 9 11 14 16 19 22 24 | 24.0
Dodging        | 3 6 9 10 | 10.9
Invocations    | 2 6 8 10 | 10.1
Fighting       | 5 8 11 12 | 12.5
Armour         | 5 8 11 12 | 12.5
Shields        | |  3.6

Action                     |  1- 3 |  4- 6 |  7- 9 | 10-12 | 13-15 || total
---------------------------+-------+-------+-------+-------+-------++-------
  Melee: Trident           |    68 |   115 |   190 |       |       ||   373
         Headbutt          |     9 |    14 |    43 |    53 |   202 ||   321
         Spear             |       |    20 |       |       |       ||    20
         Halberd           |       |       |   129 |       |       ||   129
         Bardiche          |       |       |     5 |   435 |  1087 ||  1527
 Invoke: Ancestor Life: He |       |       |       |     1 |       ||     1
         Ancestor Identity |       |       |       |     1 |       ||     1
         Recall Ancestor   |       |       |       |     1 |     2 ||     3
    Use: Scroll            |     2 |     8 |     8 |    11 |    10 ||    39
         Potion            |       |     1 |       |     6 |     5 ||    12
   Stab: Distracted        |       |       |     1 |    10 |    13 ||    24
         Confused          |       |       |       |     4 |    19 ||    23
         Paralysed         |       |       |       |       |    19 ||    19
 Armour: Scale mail        |    20 |     1 |       |    83 |    33 ||   137
         Ring mail         |       |    40 |   130 |   121 |   632 ||   923
  Dodge: Dodged            |    15 |    22 |   103 |   141 |   575 ||   856
  Block: Buckler           |     9 |    12 |    22 |       |       ||    43
